Cogmind - Beta 15 @@@ ROGUE MODE // 2025.09.06 @ 12:35:09 Player: beans Result: Destroyed by C-17 Slicer with Concussive RPG Performance ------------- Evolutions (4) 2000 Regions Visited (7) 1400 Robots Destroyed (65) 325 Value Destroyed (1104) 1104 Prototype IDs (3) 60 Alien Tech Used (0) 0 Bonus (500) 500 TOTAL SCORE: 5389 Bonus ------- Entered DSFs 500 Cogmind --------- Core Integrity 0/850 Matter 169/300 Energy 66/100 System Corruption 0% Temperature Cool (3) Movement Flying (32) Location -6/Factory Parts ------- > --- POWER (1) -------- (None) > --- PROPULSION (6) --- Surge Thruster > --- UTILITY (5) ------ Advanced Targeting Computer > --- WEAPON (3) ------- (None) > --- INVENTORY (5) ---- Light Armored Exoskeleton VTOL Module Remote Datajack Peak State ------------ > --- POWER ------------ Fission Core > --- PROPULSION ------- VTOL Module VTOL Module VTOL Module VTOL Module > --- UTILITY ---------- Advanced Targeting Computer Advanced Targeting Computer Core Analyzer Hacking Suite System Shield > --- WEAPON ----------- Heavy Laser Autogun > --- INVENTORY -------- Angular Momentum Engine Light Armored Exoskeleton Missile Launcher Remote Datajack [Rating: 37] Favorites ----------- Power Nuclear Core Engine Ion Engine Power Core Nuclear Core Propulsion Flight Unit Treads Light Treads Leg Light Armored Exoskeleton Flight Unit Flight Unit Utility Hacking Suite Device Experimental Sensor Array Processor Advanced Targeting Computer Hackware Hacking Suite Protection Light Armor Plating Weapon Improved Light Cannon Energy Gun Medium Laser Ballistic Gun Autogun Ballistic Cannon Improved Light Cannon Launcher Rocket Launcher Special Weapon Plasma Cutter Build | -11 -10 -9 -9 -8 -7 -7 -6 ------- Run | Yrd Mat Mat Min Mat Fac DSF Fac Slots Evolved 8 | . . 2 . 2 2 . 2 Power . | . . . . . . . . Propulsion 4 | . . 2 . 1 . . 1 Utility 3 | . . . . . 2 . 1 Weapon 1 | . . . . 1 . . . Parts Attached 57 | 4 4 13 6 8 1 5 16 Power 8 | 1 . 1 . 2 . 2 2 Engine 4 | 1 . . . 2 . 1 . Core 4 | . . 1 . . . 1 2 Reactor . | . . . . . . . . Propulsion 23 | 2 2 6 3 2 . . 8 Treads 2 | 2 . . . . . . . Leg 1 | . . . . . . . 1 Wheel . | . . . . . . . . Hover . | . . . . . . . . Flight 20 | . 2 6 3 2 . . 7 Utility 10 | . 2 1 1 1 1 2 2 Device 2 | . 1 . 1 . . . . Storage . | . . . . . . . . Processor 4 | . . . . . . 2 2 Hackware 3 | . . 1 . 1 1 . . Protection 1 | . 1 . . . . . . Artifact . | . . . . . . . . Weapon 16 | 1 . 5 2 3 . 1 4 Energy Gun 4 | 1 . . . 2 . . 1 Energy Cannon . | . . . . . . . . Ballistic Gun 2 | . . 1 . . . . 1 Ballistic Cannon 2 | . . 1 . . . 1 . Launcher 7 | . . 3 1 1 . . 2 Special Weapon 1 | . . . 1 . . . . Impact Weapon . | . . . . . . . . Slashing Weapon . | . . . . . . . . Piercing Weapon . | . . . . . . . . Special Melee Weapon . | . . . . . . . . Unidentified Prototypes 3 | . . 1 1 1 . . . Parts Lost 28 | . . 1 4 8 . 7 8 Power 4 | . . . . 2 . 1 1 Propulsion 14 | . . 1 4 3 . 1 5 Utility 4 | . . . . 1 . 2 1 Weapon 6 | . . . . 2 . 3 1 Highest Loss Streak 7 | . . 1 2 5 . 5 7 To Critical Strikes . | . . . . . . . . Average Backups 4 | . 2 4 4 4 4 4 4 Power . | . . . . . . . . Propulsion . | . . . . . . . . Utility 1 | . . 1 2 2 . . . Weapon 2 | . 1 2 2 1 3 2 1 Tool/Special . | . . . . . . . . Unused Backups 3 | . . . . 1 . 1 1 Power . | . . . . . . . . Propulsion . | . . . . . . . . Utility 2 | . . . . 1 . 1 . Weapon . | . . . . . . . . Tool/Special 1 | . . . . . . . 1 Average Slot Usage (%) 72 | . 72 82 96 63 53 45 46 Engine 2 | . 14 2 . . 7 1 . Core 6 | . . 8 11 6 . . 1 Treads 2 | . 22 . . . . . . Flight 26 | . 5 38 42 28 15 9 8 Device 6 | . 3 11 11 7 . . . Processor 4 | . . . . . . 6 16 Hackware 9 | . . 8 11 9 23 18 12 Protection 1 | . 11 2 . . . . . Energy Gun 2 | . 14 . . 3 7 6 . Ballistic Cannon 3 | . . 5 6 1 . 1 . Launcher 2 | . . 3 4 4 . . . Special Weapon 2 | . . . 8 . . . . Peak Build Rating 37 | 4 6 17 26 27 19 24 37 Average Rating 19 | 3 5 13 24 22 19 18 25 On Entrance 12 | . 4 6 17 25 16 19 13 Naked Turns . | . . . . . . . . Heaviest Build 18 | 7 11 14 18 16 5 7 16 Greatest Support 40 | 40 40 17 17 17 9 9 30 Greatest Overweight (x) 2 | . 1 1 1 1 . . 2 Average Overweight (x) . | . . . . . . . . Largest Inventory Capacity 5 | 5 5 5 5 5 5 5 5 Average Capacity 5 | 5 5 5 5 5 5 5 5 Most Carried 5 | 4 5 5 5 5 4 5 5 Average Carried 4 | . 2 4 4 4 4 4 4 Final Capacity 5 | 5 5 5 5 5 5 5 5 Final Carried 5 | . 5 5 5 5 4 5 4 Class Distribution -------------------- 51% | Sprinter 21% | Hacker-Mutant 20% | Mutant 6% | Scavenger-Sprinter Dominant Class ---------------- Mutant | -10/Materials Sprinter | -9/Materials Sprinter | -9/Mines Sprinter | -8/Materials Sprinter | -7/Factory Hacker-Mutant | -7/DSF Hacker-Mutant | -6/Factory Resources | -11 -10 -9 -9 -8 -7 -7 -6 ----------- Run | Yrd Mat Mat Min Mat Fac DSF Fac Matter Collected 1589 | 189 . 441 335 297 . 65 262 Remotely . | . . . . . . . . Salvage Created 1245 | . 30 363 147 279 . 106 320 Parts 115 | . . 18 30 29 . 9 29 Haulers Intercepted 2 | . . 2 . . . . . Recyclers Shooed 5 | . . 5 . . . . . Parts Field Recycled . | . . . . . . . . Retrieved Matter . | . . . . . . . . Parts Self-Destructed . | . . . . . . . . Prevented . | . . . . . . . . Kills | -11 -10 -9 -9 -8 -7 -7 -6 ------- Run | Yrd Mat Mat Min Mat Fac DSF Fac Combat Hostiles Destroyed 40 | . 1 4 13 12 . 2 8 Guns 7 | . . . . 2 . 1 4 Cannons 7 | . . . 4 2 . 1 . AOE 25 | . . 4 9 8 . . 4 Classes Destroyed 13 | . 1 8 1 1 . 1 1 Worker 6 | . . 2 3 . . . 1 Builder 6 | . . 1 1 1 . . 3 Tunneler 1 | . . . 1 . . . . Hauler 2 | . . 2 . . . . . Recycler 6 | . . 4 . 1 . . 1 Operator 2 | . . 1 . 1 . . . Watcher 2 | . . 2 . . . . . Swarmer 25 | . . 3 13 6 . . 3 Cutter 4 | . . . . . . . 4 Grunt 5 | . 1 . . 3 . . 1 Sentry 3 | . . 1 . 2 . . . Specialist 2 | . . . . . . 2 . Hunter 1 | . . . . 1 . . . Best Kill Streak 7 | . 1 5 6 7 . 1 7 Combat Bots Only 6 | . 1 4 5 6 . 1 4 Max Kills in Single Turn 6 | . 1 1 3 3 . 1 6 Gunslinging . | . . . . . . . . Exploded 3 | . . 1 3 3 . . 3 Melee . | . . . . . . . . Uniques/NPCs Destroyed . | . . . . . . . . Combat | -11 -10 -9 -9 -8 -7 -7 -6 -------- Run | Yrd Mat Mat Min Mat Fac DSF Fac Hostile Shots Fired 309 | . 9 19 42 70 . 38 131 Missed 104 | . 1 5 21 28 . 10 39 Hits 205 | . 8 14 21 42 . 28 92 Melee 22 | . . . . . . . 22 Projectile 183 | . 8 14 21 42 . 28 70 AOE 4 | . . . . . . 2 2 Critical Strikes 10 | . . . 1 1 . 1 7 Damage Taken 3415 | . 85 251 251 543 . 682 1603 Core 1404 | . 10 77 44 145 . 257 871 Absorbed by Shields . | . . . . . . . . Core Remaining (%) 80 | 100 96 . 69 73 . 63 . Volleys Fired 172 | . 9 47 18 46 . 12 40 Largest 2 | . 1 2 2 1 . 2 1 Hottest 98 | . 50 60 69 63 . 98 36 Shots Fired 187 | . 9 48 26 46 . 18 40 Gun 86 | . 9 5 . 22 . 12 38 Cannon 62 | . . 33 13 10 . 6 . Launcher 35 | . . 10 9 14 . . 2 Special 4 | . . . 4 . . . . Kinetic 105 | . . 38 13 10 . 6 38 Thermal 47 | . 9 . 4 22 . 12 . Explosive 35 | . . 10 9 14 . . 2 Electromagnetic . | . . . . . . . . Robot Hit Streak 16 | . 2 7 7 10 . 8 16 Robot Miss Streak 3 | . 1 3 3 3 . 1 3 Penetration Max . | . . . . . . . . Secondary Targets . | . . . . . . . . Shots Hit Robots 120 | . 5 30 12 28 . 13 32 Core Hits 89 | . 1 21 18 21 . 3 25 Critical Kills . | . . . . . . . . Critical Parts Destroyed . | . . . . . . . . Critical Strikes 4 | . 1 2 . 1 . . . Burn 2 | . 1 . . 1 . . . Blast 2 | . . 2 . . . . . Melee Attacks . | . . . . . . . . Impact . | . . . . . . . . Slashing . | . . . . . . . . Piercing . | . . . . . . . . Sneak Attacks . | . . . . . . . . Combat Hostiles . | . . . . . . . . Follow-up Attacks . | . . . . . . . . Damage Inflicted 4325 | . 63 966 980 1196 . 258 862 Guns 975 | . 63 15 . 283 . 147 467 Cannons 811 | . . 475 122 103 . 111 . Explosions 2512 | . . 476 836 810 . . 390 Melee . | . . . . . . . . Ramming 5 | . . . . . . . 5 Kinetic 1293 | . . 490 122 103 . 111 467 Thermal 515 | . 63 . 22 283 . 147 . Explosive 2512 | . . 476 836 810 . . 390 Electromagnetic . | . . . . . . . . Impact . | . . . . . . . . Slashing . | . . . . . . . . Piercing . | . . . . . . . . Highest Corruption 7 | . 3 4 4 2 . 7 . Average Corruption 3 | . 2 4 4 1 . 7 . Corruption Purged . | . . . . . . . . Corruption Blocked . | . . . . . . . . Effects 25 | . . 3 22 . . . . Message Errors 4 | . . . 4 . . . . Matter Fused 6 | . . 1 5 . . . . Heat Flow Errors 3 | . . . 3 . . . . Energy Discharges 3 | . . 1 2 . . . . Parts Rejected 1 | . . . 1 . . . . Data Loss (minor) 2 | . . 1 1 . . . . Data Loss (major) 4 | . . . 4 . . . . Misfires 1 | . . . 1 . . . . Weapon Failures 1 | . . . 1 . . . . Overload Shots . | . . . . . . . . Overflow Damage 188 | . . 44 91 42 . . 11 Projectiles 29 | . . 29 . . . . . Explosions 159 | . . 15 91 42 . . 11 Melee . | . . . . . . . . Knockbacks 8 | . . 4 1 1 . 2 . Impact . | . . . . . . . . Kinetic 8 | . . 4 1 1 . 2 . Secondary . | . . . . . . . . Self-Inflicted Damage 279 | . . 110 92 . . . 77 Shots 14 | . . 8 4 . . . 2 Rammed 1 | . . . . . . . 1 Targets Rammed 1 | . . . . . . . 1 Kicked . | . . . . . . . . Crushed . | . . . . . . . . Highest Temperature 239 | . 164 14 149 239 . . 18 Average Temperature 56 | . 77 5 54 93 . . 5 Received Heat Transfer 264 | . 48 18 . 99 . 9 90 Effects 3 | . . . . 3 . . . Energy Bleed 1 | . . . . 1 . . . Interference 2 | . . . . 2 . . . Siege Activations . | . . . . . . . . Martial Activations . | . . . . . . . . Shielding Activations . | . . . . . . . . Robots Disrupted . | . . . . . . . . Combat Hostiles . | . . . . . . . . Robots Corrupted . | . . . . . . . . Combat Hostiles . | . . . . . . . . Parts Fried . | . . . . . . . . Impact Corruptions . | . . . . . . . . Robots Melted 1 | . 1 . . . . . . Combat Hostiles 1 | . 1 . . . . . . Parts Melted 2 | . 2 . . . . . . Heat Transferred 1332 | . 259 . 74 703 . 296 . Parts Sabotaged . | . . . . . . . . Parts Stolen . | . . . . . . . . Parts Stripped . | . . . . . . . . Power Chain Reactions . | . . . . . . . . Alert | -11 -10 -9 -9 -8 -7 -7 -6 ------- Run | Yrd Mat Mat Min Mat Fac DSF Fac Maximum Alert Level 1 | . . . 1 1 . . . Low Security (%) 67 | 100 100 100 21 31 100 100 100 Level 1 32 | . . . 78 68 . . . Level 2 . | . . . . . . . . Level 3 . | . . . . . . . . Level 4 . | . . . . . . . . Level 5 . | . . . . . . . . High Security . | . . . . . . . . Max Security . | . . . . . . . . Peak Influence 329 | . 10 159 314 329 124 121 132 Initial 124 | . . . 38 100 124 86 52 Average 132 | . . 107 232 245 124 99 39 Influence Increases 1711 | . 20 289 591 414 . 85 312 Destroy 0b10 Robot/C 860 | . 20 80 320 240 . 40 160 Destroy 0b10 Robot/NC 125 | . . 60 25 15 . . 25 Destroy Leader 148 | . . 28 40 60 . . 20 Allied During Kill 24 | . . . 22 2 . . . Successful Hack 24 | . . . . . . . 24 Disable Machine 60 | . . 15 15 30 . . . Destroy Structure 200 | . . 46 79 67 . . 8 Partial Spotted 60 | . . 60 . . . . . Lose Combat Pursuer 210 | . . . 90 . . 45 75 Influence Decreases 1589 | . 20 190 431 399 150 108 291 Entered New Map 457 | . . . 61 159 150 38 49 Time Decay 792 | . 20 180 310 120 . . 162 Lost Part 280 | . . 10 40 80 . 70 80 Lost Ally 60 | . . . 20 40 . . . Squads Dispatched 9 | . . 2 . 2 . 1 4 Investigation 2 | . . 1 . 1 . . . Extermination 1 | . . . . . . . 1 Reinforcement 5 | . . 1 . . . 1 3 Assault . | . . . . . . . . Garrison 1 | . . . . 1 . . . Intercept . | . . . . . . . . Searches Triggered . | . . . . . . . . Construction Impeded . | . . . . . . . . Haulers Reinforced . | . . . . . . . . Active Scanning Responses . | . . . . . . . . Cargo Convoy Interrupts . | . . . . . . . . Stealth | -11 -10 -9 -9 -8 -7 -7 -6 --------- Run | Yrd Mat Mat Min Mat Fac DSF Fac Distress Signals 3 | . . . . 1 . . 2 Communications Jammed . | . . . . . . . . Distress Signals . | . . . . . . . . Times Spotted 78 | . 1 9 17 18 . 11 22 Peak Tracking Total 7 | . 1 3 7 6 . 4 7 Tactical Retreats 7 | . . . 2 . . 3 2 Traps | -11 -10 -9 -9 -8 -7 -7 -6 ------- Run | Yrd Mat Mat Min Mat Fac DSF Fac Traps Triggered 4 | . 2 . . 1 . . 1 Indirectly . | . . . . . . . . Trap Hack Attempts . | . . . . . . . . Triggered . | . . . . . . . . Disarmed . | . . . . . . . . Reprogrammed . | . . . . . . . . Reused . | . . . . . . . . Traps Extracted . | . . . . . . . . Installed . | . . . . . . . . Triggered . | . . . . . . . . Machines | -11 -10 -9 -9 -8 -7 -7 -6 ---------- Run | Yrd Mat Mat Min Mat Fac DSF Fac Machines Disabled 5 | . . 2 1 2 . . . Max in Single Turn 1 | . . 1 1 1 . . . Machines Repaired . | . . . . . . . . Machines Dismantled . | . . . . . . . . Machines Sabotaged . | . . . . . . . . Overloaded Fab Kills . | . . . . . . . . Hacking | -11 -10 -9 -9 -8 -7 -7 -6 --------- Run | Yrd Mat Mat Min Mat Fac DSF Fac Machines Accessed 4 | . . 1 . 1 1 . 1 Terminals 1 | . . . . . 1 . . Fabricators 1 | . . . . . . . 1 Repair Stations . | . . . . . . . . Recycling Units . | . . . . . . . . Scanalyzers 2 | . . 1 . 1 . . . Garrison Access . | . . . . . . . . Total Hacks 11 | . . 5 . 4 1 . 1 Successful 11 | . . 5 . 4 1 . 1 Failed . | . . . . . . . . Catastrophic . | . . . . . . . . Database Lockouts . | . . . . . . . . Manual . | . . . . . . . . Terminals 1 | . . . . . 1 . . Fabricators 1 | . . . . . . . 1 Repair Stations . | . . . . . . . . Recycling Units . | . . . . . . . . Scanalyzers 9 | . . 5 . 4 . . . Garrison Access . | . . . . . . . . Terminal Hacks 1 | . . . . . 1 . . Open DSF 1 | . . . . . 1 . . Fabricator Hacks 1 | . . . . . . . 1 Build 1 | . . . . . . . 1 Repair Station Hacks . | . . . . . . . . Recycling Unit Hacks . | . . . . . . . . Scanalyzer 9 | . . 5 . 4 . . . Insert Component 5 | . . 3 . 2 . . . Analyze 4 | . . 2 . 2 . . . Garrison Access Hacks . | . . . . . . . . Unauthorized Hacks . | . . . . . . . . Terminals . | . . . . . . . . Fabricators . | . . . . . . . . Repair Stations . | . . . . . . . . Recycling Units . | . . . . . . . . Scanalyzers . | . . . . . . . . Garrison Access . | . . . . . . . . Data Cores Recovered . | . . . . . . . . Used . | . . . . . . . . Hacking Detections 3 | . . 1 . 1 . . 1 Full Trace Events 2 | . . 1 . 1 . . . Feedback Events 1 | . . . . 1 . . . Corruption 1 | . . . . 1 . . . Feedback Blocked . | . . . . . . . . Robot Schematics Acquired . | . . . . . . . . Robots Built . | . . . . . . . . Authchips . | . . . . . . . . Time 50 | . . . . . . . 50 Total Robot Build Rating . | . . . . . . . . Part Schematics Acquired 4 | . . 2 . 2 . . . Parts Built . | . . . . . . . . Authchips . | . . . . . . . . Time . | . . . . . . . . Total Part Build Rating . | . . . . . . . . Parts Repaired . | . . . . . . . . Time . | . . . . . . . . Parts Recycled . | . . . . . . . . Recycled Matter . | . . . . . . . . Retrieved Matter . | . . . . . . . . Retrieved Components . | . . . . . . . . Parts Scanalyzed 4 | . . 2 . 2 . . . Part Schematics Acquired 4 | . . 2 . 2 . . . Parts Damaged . | . . . . . . . . Bothacking | -11 -10 -9 -9 -8 -7 -7 -6 ------------ Run | Yrd Mat Mat Min Mat Fac DSF Fac Used RIF Installer . | . . . . . . . . Robots Hacked . | . . . . . . . . Non-combat . | . . . . . . . . Combat . | . . . . . . . . Robot Hacks Applied . | . . . . . . . . Relay Couplers Released . | . . . . . . . . Fabnet Peak Effective % . | . . . . . . . . Robots Rewired . | . . . . . . . . Allies Hacked . | . . . . . . . . Hacks Repelled . | . . . . . . . . Allies | -11 -10 -9 -9 -8 -7 -7 -6 -------- Run | Yrd Mat Mat Min Mat Fac DSF Fac Total Allies 3 | . . . 3 . . . . Largest Group 3 | . . . 3 2 . . . Highest-Rated Group 40 | . . . 40 32 . . . Highest-Rated Ally 16 | . . . 16 16 . . . Total Orders . | . . . . . . . . Ally Attacks 21 | . . . 17 4 . . . Total Damage 232 | . . . 199 33 . . . Kills 3 | . . . 3 . . . . Allies Corrupted . | . . . . . . . . Allies Melted . | . . . . . . . . Intel | -11 -10 -9 -9 -8 -7 -7 -6 ------- Run | Yrd Mat Mat Min Mat Fac DSF Fac Active Infowar (turns) 1308 | . 64 361 687 196 . . . Sensors 1308 | . 64 361 687 196 . . . Robot Analysis Total . | . . . . . . . . Derelict Logs Recovered 1 | . . . 1 . . . . Drone Launches . | . . . . . . . . Drone Recoveries . | . . . . . . . . Exploration | -11 -10 -9 -9 -8 -7 -7 -6 ------------- Run | Yrd Mat Mat Min Mat Fac DSF Fac Turns Passed 2227 | 58 228 361 687 254 7 134 498 Spaces Moved 2791 | 43 131 611 980 277 17 234 498 Core 29 | 16 . . . . . . 13 Treads 123 | 27 96 . . . . . . Legs 180 | . . . . . . . 180 Wheels . | . . . . . . . . Hover . | . . . . . . . . Flight 2459 | . 35 611 980 277 17 234 305 Fastest Speed 23 | 50 117 29 29 31 37 37 23 Average Speed 47 | 119 148 33 31 41 37 39 69 Slowest Speed 195 | 160 160 112 112 112 37 40 195 Overloaded Moves 9 | . . . . . . . 9 Propulsion Burnouts 1 | . . . . . . . 1 Robots Hopped 7 | . . 1 4 . . . 2 Potential Cave-ins . | . . . . . . . . Cave-ins Triggered . | . . . . . . . . Exploration Rate (%) 37 | 3 27 39 95 34 1 85 12 Regions Visited 7 Branch Regions 1 Pre-discovered Areas 1 | . . . 1 . . . . Known Exits Taken 1 | . . . . . 1 . . Unknown Exits Taken 5 | 1 1 1 1 1 . . . Scrap Searched 2 | . . . 2 . . . . Spaces Dug 31 | . . 12 . 19 . . . Terrain Destroyed 216 | . . 40 92 76 . . 8 Melee . | . . . . . . . . Projectile 3 | . . 1 2 . . . . AOE 213 | . . 39 90 76 . . 8 Terrain Rammed . | . . . . . . . . Walls Destroyed . | . . . . . . . . Machines Disabled . | . . . . . . . . Actions | -11 -10 -9 -9 -8 -7 -7 -6 --------- Run | Yrd Mat Mat Min Mat Fac DSF Fac Total 3498 | 50 155 720 1318 365 17 257 616 Wait 386 | . . 34 310 12 . . 30 Move 2770 | 42 130 608 971 276 16 233 494 Hop 7 | . . 1 4 . . . 2 Pick Up 42 | 4 9 5 1 7 . 3 13 Fast Attach 31 | . . 7 5 5 . 4 10 Attach 35 | 4 2 3 4 8 1 2 11 Detach 9 | . . 1 3 3 . 1 1 Swap 12 | . 3 4 1 . . . 4 Drop 31 | . 2 10 1 6 . 2 10 Fire 172 | . 9 47 18 46 . 12 40 Melee . | . . . . . . . . Ram 1 | . . . . . . . 1 Kick . | . . . . . . . . Crush . | . . . . . . . . Escape Stasis . | . . . . . . . . Rewire . | . . . . . . . . Trap . | . . . . . . . . Miscellaneous 2 | . . . . 2 . . . Route ------- -11/Scrapyard -10/Materials -9/Materials (discovered 2 exits: [*Min x2]) -9/Mines (discovered 2 exits: *Mat x2) -8/Materials -7/Factory -7/DSF -6/Factory History --------- Turn | Location | Event 12 | -11/Scrapyard | Discovered new exit (range 16) 59 | -11/Scrapyard | Entered Materials 269 | -10/Materials | Discovered new exit (range 15) 287 | -10/Materials | Entered another Materials area 287 | -9/Materials | Evolved 2 slots: Propulsion x2 424 | -9/Materials | Discovered new exit (range 14) 627 | -9/Materials | Discovered new exit (range 8) 648 | -9/Materials | Entered Mines 692 | -9/Mines | Discovered new exit (range 9) 726 | -9/Mines | Received a Rocket Launcher from a helpful Derelict 730 | -9/Mines | Learned location of Zion (-6) 741 | -9/Mines | Found a damaged Exp. Sensor Array with a note attached 742 | -9/Mines | Found Prototype Device 742 | -9/Mines | Identified Exp. Sensor Array 763 | -9/Mines | Build established: Sprinter 792 | -9/Mines | Found a hidden stash of uninstalled traps 798 | -9/Mines | Discovered new exit (range 9) 884 | -9/Mines | Assisted by bots powering up and referring to "LRC-V3" 1335 | -9/Mines | Entered Materials 1335 | -8/Materials | Accompanied by 2 allies 1335 | -8/Materials | Evolved 2 slots: Propulsion x1, Weapon x1 1410 | -8/Materials | Garrison activated, responded to threat 1414 | -8/Materials | Lost 3 parts (1n2w) 1569 | -8/Materials | Discovered new exit (range 12) 1589 | -8/Materials | Entered Factory 1589 | -7/Factory | Evolved 2 slots: Utility x2 1596 | -7/Factory | Identified exit to DSF 1596 | -7/Factory | Entered DSF 1601 | -7/DSF | Lost 5 parts (2p2n1u) 1622 | -7/DSF | Additional patrols routed to DSF 1628 | -7/DSF | Discovered new exit (range 16) 1678 | -7/DSF | Lost 5 parts (1p1n1u2w) 1730 | -7/DSF | Entered Factory 1730 | -6/Factory | Evolved 2 slots: Propulsion x1, Utility x1 1860 | -6/Factory | Build established: Hacker-Mutant 2195 | -6/Factory | Core integrity fell below 50% 2208 | -6/Factory | Core integrity fell below 20% 2228 | -6/Factory | Destroyed by C-17 Slicer with Concussive RPG Last Messages --------------- Destroyed Welding Torch. U-05 Engineer destroyed. C-17 Slicer destroyed. U-05 Engineer destroyed. Slug penetrates Fabricator. Acquired 13 matter. Acquired Concussive RPG. Concussive RPG expended. C-17 Slicer destroyed. H-66 Slayer knocked back. Slug penetrates Fabricator. Slug penetrates Wall. W-25 Informer sends out distress signal. Acquired Surge Thruster. The unstable cave ceiling collapses. Acquired Surge Thruster. Knocked back. Surge Thruster destroyed. Surge Thruster burned out. Penetrated by Slug. Map ----- +----------------------------------------------------+ | """" """" "" #??????????????????????? | | """"="""" G" ????????????????????????? | | """" """" "" ???????????????????????? | | ####### """"["""" ???????????????????????? | | ??????# """" """" #??????????????????????? | | ??????# """" """" #??????????????????????? | | ??????# #??????????????????????? | | ###???# """" """" """" ????????????????????????? | | ???# """" """" """???????????????????????????? | | ????# """" """" ""??? ????????????????????????? | | "?????# """" """" ""?? #??????????????????????? | | ""????# """" """" """" #??????????????????????? | | "" ???# """" """" """" #??????????????????????? | | "" + #??????????????????????? | | # """" """" "" " #??????????????????????? | | "" # """" """" """" /??????????????????????? | | "" ???# """" """" """" #??????????????????????? | | ""????# """" """" """" #??????????????????????? | | "?????# """" """" """" #??????????????????????? | | ??????# """" """"u"""" #??????????????????????? | | ??????# c #??????????????????????? | | ??????# #??????????????????????? | | ??????# cc #??????????????????????? | | ??????# #??????????????????????? | | ??????# ######### ??????????????????????? | | ####### #???????# @########???????????????? | | #???????# #???????????????? | | #???????# #???????????????? | | #???????# #???#######?????? | | #???????# #?? !?????? | | #???????# #?? ??????? | | #############?????##### # ! #? ???????? | | #????????????# w #? """""""??????? | | """#????????????# /"""""% = # ???????? | | """#????????????# """""h ! H# """"""""?????? | | R"#????????????# "" "*# = + #??? | | """#????????????# ! # """"""""?????? | | #????????????# """ /=# # ???????? | | "" #????????????# """ % ## ##? """""""??????? | | "" #????????????# """ ## #?? ???????? | | "" #????????????# ## #??? ??????? | | ??? #????????????########### #???####+###?????? | | ???? #??????????????????????# [#????????????????? | | ????????????????????????????### #????????????????? | | ??????????????????????????????# #????????????????? | | ??????????????????????????????# ????????????????? | | ??????????????????????????????####???????????????? | | ?????????????????????????????????????????????????? | | ?????????????????????????????????????????????????? | | ?????????????????????????????????????????????????? | +----------------------------------------------------+ Best States ------------- Heat Dissipation 37 Energy Generation 18 Energy Capacity 310 Matter Stores 300 Matter Capacity 300 Sight Range 16 Robot Scan Range 20 Terrain Scan Density 10 Armor Coverage 150 Evasion (%) 65 Targeting Accuracy 16 Core Analysis 6 Recoil Reduction 2 Offensive Hacking 20 Defensive Hacking 10 Item Schematics ----------------- Hacking Suite | -9/Materials | Scanalyzed Plasma Cutter | -9/Materials | Scanalyzed Missile Launcher | -8/Materials | Scanalyzed Pulse Rifle | -8/Materials | Scanalyzed Robot Schematics ------------------ None Fabricated ------------ Nothing Repaired ---------- Nothing Alien Tech Used ----------------- None Achievements -------------- None Challenges ------------ None Game ------ Seed TransmissionMetafieldPod Manual? 0 Play Time 00:30:28 Cumulative 127.5 hours Start 2025.09.06 @ 10:49:22 End 2025.09.06 @ 12:35:09 Sessions 1 Manual Loads 0 Difficulty Rogue Special Mode None Game No. 447 Rogue 447 Adventurer 0 Explorer 0 Win Type - Total 0 Types 0/0/0/0/0/0/0/0/0/0 Lore% 50 Gallery% 47 Achievement% 34 Wizard Run 0 Options --------- Layout 2 ASCII 0 Keyboard 0 Movement Mouse Keybinds 0 Fullscreen 2 Font 24/Smallcaps Map View 50x44 Zoom Use 0% Tactical HUD 0 Map Filters NONE Filters NONE Steam 1 RUN: dcaa149b-1289-4c0f-9084-d7cd3eb3c977